 Dungeon Crawl Stone Soup version 0.28.0-53-g5a82cb258f (webtiles) character file.

Game seed: 16985981951007679808

96 Stomo the Chiller (level 4, -3/35 HPs)
             Began as a Draconian Ice Elementalist on July 9, 2022.
             Killed by divine providence
             ... invoked by an orc priest
              (15 damage)
             ... on level 3 of the Dungeon.
             The game lasted 00:03:12 (2456 turns).

Stomo the Chiller (Draconian Ice Elementalist)      Turns: 2456, Time: 00:03:12

Health: -3/35      AC: 10    Str: 13    XL:     4   Next: 41%
Magic:  1/8        EV: 12    Int: 15    God:
Gold:   62         SH:  0    Dex: 11    Spells: 4/8 levels left

rFire   . . .      SeeInvis .   d - +0 whip
rCold   . . .      Faith    .   (no shield)
rNeg    . . .      Spirit   .   (armour unavailable)
rPois   .          Reflect  .   (helmet restricted)
rElec   .          Harm     .   (no cloak)
rCorr   .          Rampage  .   (no gloves)
Will    .....                   b - +0 pair of boots
Stlth   ++........              (no amulet)
HPRegen 0.11/turn               j - +4 ring of protection
MPRegen 0.11/turn               (no ring)

@: freezing walls
A: AC +5, unfitting armour, cold-blooded
a: no special abilities


You were on level 3 of the Dungeon.
You visited 1 branch of the dungeon, and saw 3 of its levels.

You collected 62 gold pieces.

Inventory:

Hand Weapons
 d - a +0 whip (weapon)
Missiles
 e - 74 stones
Armour
 b - a +0 pair of boots (worn)
Jewellery
 j - a +4 ring of protection (left hand)
Potions
 a - a potion of might
 g - a potion of heal wounds
 i - 2 potions of brilliance
 k - 2 potions of attraction {unknown}


   Skills:
 + Level 1.4 Fighting
 + Level 1.4 Maces & Flails
 + Level 2.5 Dodging
 - Level 1.8 Stealth
 + Level 2.6 Spellcasting
 + Level 4.5 Ice Magic


You had 4 spell levels left.
You knew the following spells:

 Your Spells              Type           Power      Damage    Failure   Level
a - Freeze                Ice            60%        1d8       3%          1
b - Frozen Ramparts       Ice            30%        1d5       10%         3

Your spell library contained the following spells:

 Spells                   Type           Power      Damage    Failure   Level
 Ozocubu's Armour         Ice            15%        N/A       10%         3
 Hailstorm                Conj/Ice       8%         3d4       63%         4


Dungeon Overview and Level Annotations

Branches:
Dungeon (3/15)

Altars:

Portals:
Sewer: D:3


Innate Abilities, Weirdness & Mutations

Your plain brown scales are hard. (AC +5)
You cannot fit into any form of body armour.
You are cold-blooded and may be slowed by cold attacks.


Message History

The orc priest shouts!
You hit the orc but do no damage.
The orc is heavily wounded.
The wall freezes the orc.
The orc barely misses you.
You hit the orc but do no damage.
The orc is severely wounded.
The wall freezes the orc.
You kill the orc!
The orc priest calls down the wrath of Beogh upon you.
Pain shoots through your body!
* * * LOW HITPOINT WARNING * * *
Your frozen ramparts will break if you move.
Continue? [Y]es or [N]o only, please.
Your frozen ramparts will break if you move.
Continue? [Y]es or [N]o only, please.
Your frozen ramparts will break if you move.
Continue?
The frozen ramparts melt away as you move.
You hear the slow rusting of a drain very nearby.
Really walk into that dispersal trap?
You enter a dispersal trap!
You blink.
You start resting.
An orc priest is nearby!
You barely miss the orc priest.
You tail-slap the orc priest, but do no damage.
The orc priest miscasts a cantrip.
Casting: Frozen Ramparts (quite dangerous; 10% risk of failure)
Confirm with . or Enter, or press ? or * to list all spells.
The spell is quite dangerous to miscast (10% risk of failure)!
Continue anyway?
Casting: Frozen Ramparts (quite dangerous; 10% risk of failure)
Press: ? - help, Dir - look around, f - activate The walls around you are covered in ice.
The wall freezes the orc priest.
The orc priest hits you but does no damage.
Unknown command.
You closely miss the orc priest.
The orc priest is moderately wounded.
The wall freezes the orc priest.
The orc priest mumbles some strange prayers to Beogh against you.
Beogh smites you!
You die...

##### #########
...######.......#
#.##...........#
###..#.###.#####.#
#......# #....##.##
#.#...#.###.##.....#
##.##..(..#####).#
## ##@#####........#
#.# ##o# #........#
#.# ##.## ########.#
#.###.## ##.##
#.#.#########
###...## #..##
#.....# #..#....
##.## #.....#
#.#...#. #...#
#.....# #.#.###.
########.#.#
#.....###.#..##.


You could see an orc priest.

Vanquished Creatures
  An orc wizard (D:3)
  Natasha (D:3)
  An adder (D:2)
  3 worms
  A dart slug (D:1)
  An orc (D:3)
  2 ball pythons (D:3)
  2 bats
  2 endoplasms (D:2)
  3 giant cockroaches
  7 hobgoblins
  2 kobolds (D:1)
  A rat (D:2)
  A spectral goblin (D:2)
28 creatures vanquished.

Notes
Turn   | Place    | Note
-------+----------+-------------------------------------------
     0 | D:1      | Stomo the Draconian Ice Elementalist began the quest for
                  | the Orb.
     0 | D:1      | Reached XP level 1. HP: 14/14 MP: 3/3
   472 | D:1      | Reached XP level 2. HP: 20/20 MP: 3/5
   762 | D:2      | Found a faded altar of an unknown god.
  1962 | D:2      | Reached XP level 3. HP: 27/27 MP: 3/6
  2045 | D:2      | Learned a level 3 spell: Frozen Ramparts
  2192 | D:3      | Noticed Natasha
  2196 | D:3      | Killed Natasha
  2197 | D:3      | Reached skill level 1 in Fighting
  2197 | D:3      | Reached skill level 1 in Maces & Flails
  2405 | D:3      | Found a glowing drain.
  2423 | D:3      | Reached XP level 4. HP: 24/35 MP: 3/7
  2456 | D:3      | Killed from afar by an orc priest

Illustrated notes

Levels and vault maps discovered:
D:1:      lemuel_arrival_tunnels, layout_basic
D:2:      layout_basic, dreamdust_ecumenical_altar_drowned_temple
D:3:      layout_loops_cross, cheibrodos_sewer_entry_sluice, uniq_natasha,
          uniq_ijyb

Skill      XL: |  1  2  3 |
---------------+----------+-----
Dodging        | 2 |  2.5
Fighting       | 1 |  1.4
Maces & Flails | 1 |  1.4
Stealth        | |  1.8
Spellcasting   | |  2.6
Ice Magic      | |  4.5

Action                   |  1- 3 |  4- 6 || total
-------------------------+-------+-------++-------
Melee: Unarmed           |    20 |       ||    20
       Punch             |     2 |       ||     2
       Tailslap          |    10 |     1 ||    11
       Whip              |    48 |     5 ||    53
 Cast: Freeze            |    23 |       ||    23
       Frozen Ramparts   |     2 |     2 ||     4
  Use: Scroll            |     6 |       ||     6
Armor: Skin              |    23 |     1 ||    24
Dodge: Dodged            |    52 |     2 ||    54
